 Dungeon Crawl Stone Soup version 0.19-b1-3-g7dea586 (webtiles) character file.

166 dorian the Chucker (level 5, -3/57 HPs)
             Began as an Ogre Hunter on Oct 28, 2016.
             Slain by Duvessa
             ... wielding a +2 short sword of draining
              (9 damage)
             ... on level 4 of the Dungeon.
             The game lasted 00:06:37 (2767 turns).

dorian the Chucker (Ogre Hunter)                    Turns: 2767, Time: 00:06:38

Health: -3/57      AC:  3    Str: 18    XL:     5   Next: 47%
Magic:  5/5        EV:  9    Int: 10    God:
Gold:   176        SH:  0    Dex: 19    Spells: 0 memorised, 4 levels left

rFire  . . .     SeeInvis .     m - +1 dagger (venom)
rCold  . . .     Gourm    .     b - +0 robe
rNeg   . . .     Faith    .     (no shield)
rPois  .         Spirit   .     (helmet restricted)
rElec  .         Reflect  .     (no cloak)
rCorr  .         Harm     .     (gloves unavailable)
MR     .....                    (boots unavailable)
Stlth  ++........               (no amulet)
                                k - +3 ring of dexterity
                                e - +6 ring of dexterity

@: heavily drained
A: unfitting armour, tough skin 1
a: no special abilities


You were on level 4 of the Dungeon.
You were not hungry.

You visited 1 branch of the dungeon, and saw 4 of its levels.

You collected 176 gold pieces.

Inventory:

Hand Weapons
 a - a +0 short sword
 m - a +1 dagger of venom (weapon)
Missiles
 l - 188 stones (quivered)
 y - 4 tomahawks of returning
Armour
 b - a +0 robe (worn)
Jewellery
 e - a +6 ring of dexterity (left hand)
 k - a +3 ring of dexterity (right hand)
 r - an uncursed ring of ice
 z - an uncursed ring of protection from magic {unknown}
Scrolls
 i - 7 scrolls of teleportation {unknown}
 q - 5 scrolls of identify {unknown}
 u - a scroll of enchant weapon {unknown}
 w - a scroll of enchant armour {unknown}
 B - a scroll of fear {unknown}
 E - a scroll of remove curse {unknown}
 F - a scroll of recharging {unknown}
Potions
 j - a potion of lignification {unknown}
 n - a potion of berserk rage {unknown}
 o - a potion of mutation {unknown}
 p - a potion of cancellation {unknown}
 s - a potion of curing {unknown}
 t - a potion of brilliance {unknown}
 v - 2 potions of might {unknown}
 x - 2 potions of flight {unknown}
 D - a potion of heal wounds
Comestibles
 f - 2 bread rations
 g - 3 beef jerkies
 h - a royal jelly
 A - 3 chunks of flesh
 C - a meat ration


   Skills:
 + Level 5.2(3.8) Fighting
 + Level 5.5(4.1) Throwing
 - Level 1.7(0.5) Dodging
 - Level 0.6(0.0) Stealth


You had 4 spell levels left.
You didn't know any spells.

Dungeon Overview and Level Annotations

Branches:
Dungeon (4/15)
 Temple: D:4-7

Altars:
Ashenzari

Annotations:
D:3 Sigmund
D:4 Duvessa


Innate Abilities, Weirdness & Mutations

You are too large for most types of armour.
You have tough skin. (AC +1)


Message History

Duvessa is moderately wounded.
Duvessa struggles against the net. x2
Duvessa struggles against the net.
The net rips apart, and Duvessa comes free!
Throwing (i - inventory. (,) - cycle):
d - a throwing net (quivered)
Press: ? - help, Shift-Dir - straight line, f/p - Duvessa
Aim: Duvessa, wielding a short sword of draining (moderately wounded, berserk, fast, unusually strong)
You throw a throwing net.
The throwing net completely misses Duvessa.
Okay, then.
You aren't carrying any items that you can evoke.
Okay, then.
You hit Duvessa but do no damage.
Duvessa is poisoned.
Duvessa is moderately wounded.
Duvessa hits you with a short sword of draining!
* * * LOW HITPOINT WARNING * * *
You feel drained.
* * * LOW HITPOINT WARNING * * *
Duvessa hits you with a short sword of draining!
You die...

#'#####.######'##
#....#..........#
#....#..........#
#....#..........#
#..##############
##..##### .
#.......#
e...#.......#
#...((')..(e@.+
#.....#.......#
+.....#....#..#
##### ##...####
###.# ###


You could see Duvessa (berserk).

Vanquished Creatures
  Dowan (D:4)
  3 adders
  An ooze (D:1)
  2 worms
  2 dart slugs
  A leopard gecko (D:2)
  2 ball pythons (D:2)
  4 giant cockroaches
  8 goblins
  12 hobgoblins
  7 jackals
  3 quokkas
  8 bats
  2 frilled lizards (D:3)
  8 kobolds
  9 rats
73 creatures vanquished.

Notes
Turn   | Place    | Note
-------+----------+-------------------------------------------
     0 | D:1      | dorian the Ogre Hunter began the quest for the Orb.
     0 | D:1      | Reached XP level 1. HP: 22/22 MP: 1/1
    80 | D:1      | Reached XP level 2. HP: 17/31 MP: 2/2
   943 | D:1      | Reached XP level 3. HP: 33/39 MP: 3/3
  1413 | D:2      | Found a shattered altar of Ashenzari.
  1447 | D:2      | Reached XP level 4. HP: 48/48 MP: 4/4
  1477 | D:2      | Reached skill level 5 in Throwing
  2406 | D:3      | Noticed Sigmund
  2565 | D:3      | Reached XP level 5. HP: 42/55 MP: 5/5
  2748 | D:4      | Noticed Dowan
  2751 | D:4      | Noticed Duvessa
  2757 | D:4      | Killed Dowan
  2757 | D:4      | Reached skill level 5 in Fighting
  2767 | D:4      | Slain by Duvessa

Skill      XL: |  1  2  3  4  5 |
---------------+----------------+-----
Fighting       | 3 4 5 |  5.2
Throwing       | 5 |  5.5
Dodging        | |  1.7
Stealth        | |  0.6

Action                   |  1- 3 |  4- 6 || total
-------------------------+-------+-------++-------
Melee: Short sword       |    61 |       ||    61
       Dagger            |    84 |    75 ||   159
Throw: Large rock        |       |    12 ||    12
       Stone             |       |     3 ||     3
       Tomahawk          |       |     4 ||     4
       Throwing net      |       |     2 ||     2
 Stab: Sleeping          |     3 |       ||     3
  Eat: Chunk             |     2 |     4 ||     6
Armor: Robe              |    46 |    27 ||    73
Dodge: Dodged            |    97 |    41 ||   138
